AoeStats
← rOkEt1821

Northern Isles

510435264Analyzed
1v1 RM · 1d ago on Oct 1, 2026· 21m 18s· 2 players
Game mode
Random Map
Map size
Tiny (2 player)
Population
200
Speed
Normal
Resources
Standard
Victory
Conquest
Starting age
Dark Age
Ending age
Imperial Age
RankedLock teamsTeams togetherTeam positionsShared explorationLock speedFull tech treeHidden civsTurbo modeCheats
Victory
Defeat
🇺🇸 Chinese · United States
408
+19
🇨🇴 Berbers · Colombia
472
-19
pac42
10:48 Feudal Age
9:05 Loom
23:10 Castle Age
rOkEt1821
11:04 Feudal Age
12:33 Wheelbarrow
11:46 Double-Bit Axe
12:01 Horse Collar
13:59 Loom
18:33 Gold Mining
Connection lost

Rejoining the realm…

Still unreachable

The connection could not be restored.

Session expired

The server has moved on; the page needs a fresh start.